 Dungeon Crawl Stone Soup version 0.28-a0-556-gab23d0e057 (webtiles) character file.

Game seed: 17982055492477785888

234 avis the Skirmisher (level 6, -2/43 HPs)
             Began as an Octopode Transmuter on Sept 29, 2021.
             Slain by a ball python (3 damage)
             ... on level 3 of the Dungeon.
             The game lasted 00:21:10 (3573 turns).

avis the Skirmisher (Octopode Transmuter)           Turns: 3573, Time: 00:21:10

Health: -2/43      AC:  1    Str: 12    XL:     6   Next: 5%
Magic:  2/9        EV: 13    Int: 15    God:
Gold:   133        SH:  5    Dex: 12    Spells: 5/9 levels left

rFire   . . .      SeeInvis .   a - +1 dagger (speed)
rCold   . . .      Faith    .   (no shield)
rNeg    . . .      Spirit   .   c - +0 hat
rPois   .          Reflect  +   e - amulet of reflection
rElec   .          Harm     .   (no ring)
rCorr   .          Rampage  .   (no ring)
Will    .....                   (no ring)
Stlth   +++.......              (no ring)
HPRegen 0.14/turn               (no ring)
MPRegen 0.11/turn               (no ring)
                                (no ring)
                                (no ring)

@: very slightly contaminated
A: almost no armour, amphibious, 8 rings, camouflage 1, gelatinous body 1,
(nimble swimmer 1), tentacles
a: no special abilities


You were on level 3 of the Dungeon.
You visited 1 branch of the dungeon, and saw 3 of its levels.

You collected 133 gold pieces.

Inventory:

Hand Weapons
 a - a +1 dagger of speed (weapon)
Missiles
 d - 47 arrows
 f - 44 bolts
 g - 18 sling bullets
 h - 47 stones
 j - 12 poisoned darts
 o - a boomerang
Armour
 c - a +0 hat (worn)
Jewellery
 e - an amulet of reflection (around mantle)
Scrolls
 b - 3 scrolls of identify {unknown}
 i - a scroll of teleportation {unknown}
 k - a scroll of brand weapon {unknown}
 q - a scroll of amnesia {unknown}
Potions
 l - 3 potions of curing {unknown}
 m - a potion of haste {unknown}
 n - a potion of heal wounds {unknown}
 p - 2 potions of might {unknown}


   Skills:
 - Level 4.0 Fighting
 - Level 2.0 Dodging
 - Level 3.0 Stealth
 * Level 3.7 Unarmed Combat
 - Level 2.0 Spellcasting
 - Level 2.0 Transmutations
 - Level 3.0 Poison Magic


You had 5 spell levels left.
You knew the following spells:

 Your Spells              Type           Power      Damage    Failure   Level
a - Beastly Appendage     Tmut           14%        N/A       10%         1
p - Spider Form           Tmut/Pois      4%         N/A       24%         3

Your spell library contained the following spells:

 Spells                   Type           Power      Damage    Failure   Level
 Wereblood                Tmut           7%         N/A       14%         2
 Ice Form                 Ice/Tmut       4%         N/A       82%         4


Dungeon Overview and Level Annotations

Branches:
Dungeon (3/15)

Altars:


Innate Abilities, Weirdness & Mutations

You cannot wear most types of armour.
You are amphibious.
You can wear up to eight rings at the same time.
Your skin changes colour to match your surroundings (Stealth+).
Your rubbery body absorbs attacks. (AC +1, EV +1)
((You are camouflaged near water. (Stealth+)))
You have tentacles for arms and can constrict up to eight enemies at once.


Message History

The gnoll is moderately wounded.
You hit the gnoll but do no damage.
The gnoll looks as sick as possible!
The gnoll is moderately wounded.
Your transformation is almost over.
The gnoll closely misses you.
You bite the gnoll!
You kill the gnoll!
You have reached level 6!
Your experience leads to an increase in your attributes!
Your base attributes are Str 11, Int 15, Dex 12.
Increase (S)trength, (I)ntelligence, or (D)exterity?
You feel stronger.
You hit the gnoll.
The gnoll is poisoned.
The gnoll is heavily wounded.
The gnoll hits you with a +0 flail.
The gnoll hits you from afar with a +0 spear.
Unknown command.
You kill the gnoll!
Your transformation has ended.
Your +1 dagger of speed unmelds from your body.
Your +0 hat unmelds from your body.
Your tentacles tingle!
You block the gnoll's attack.
The ball python bites you but does no damage.
The ball python barely misses you.
You hit the gnoll but do no damage. Your grab misses the gnoll.
You squeeze the gnoll.
The gnoll is lightly wounded.
The ball python barely misses you. x2; The gnoll barely misses you.
Casting: Spider Form (quite dangerous; 24% risk of failure)
Confirm with . or Enter, or press ? or * to list all spells.
The spell is quite dangerous to cast (24% risk of failure)!
Continue anyway?
You miscast Spider Form.
You are very lightly contaminated with residual magic.
Nothing appears to happen.
The ball python misses you. The ball python barely misses you.
The gnoll hits you with a +0 spear!
* * * LOW HITPOINT WARNING * * *
The gnoll hits you from afar with a +0 spear!
* * * LOW HITPOINT WARNING * * *
The ball python bites you.
You die...

##.## #.# #.#### ###
#.# #..... #.# ######
#.# #[# ### #[#
##.#####.########
#####.#.##...........
#ggS@###.......#####.
#.#.## ##......#
#.##.###..#....#
#)###.#.#.##.#.# #.#
##..#.##.#.# #.#
##.#......# #)#
#.####+### #.# 8.8
#.# ##.##


You could see a gnoll, a goblin and a ball python.

Vanquished Creatures
  Jessica (D:3)
  2 orc wizards (D:3)
  3 gnolls (D:3)
  4 adders
  2 dart slugs (D:1)
  9 orcs
  4 ball pythons
  7 bats
  3 endoplasms
  4 giant cockroaches
  6 hobgoblins
  6 jackals (D:2)
  7 quokkas
  3 frilled lizards (D:2)
  5 goblins
  3 kobolds
  9 rats
78 creatures vanquished.

Notes
Turn   | Place    | Note
-------+----------+-------------------------------------------
     0 | D:1      | avis the Octopode Transmuter began the quest for the Orb.
     0 | D:1      | Reached XP level 1. HP: 13/13 MP: 3/3
    52 | D:1      | Found a faded altar of an unknown god.
   204 | D:1      | Reached skill level 2 in Fighting
   204 | D:1      | Reached XP level 2. HP: 10/19 MP: 5/5
   425 | D:1      | Reached skill level 1 in Stealth
   924 | D:1      | Reached skill level 1 in Poison Magic
  1051 | D:1      | Reached XP level 3. HP: 24/24 MP: 4/6
  1078 | D:1      | Learned a level 3 spell: Spider Form
  1669 | D:2      | Reached XP level 4. HP: 25/30 MP: 4/7
  1800 | D:2      | Reached skill level 3 in Fighting
  2747 | D:3      | Noticed Jessica
  2760 | D:3      | Killed Jessica
  2761 | D:3      | Reached XP level 5. HP: 32/36 MP: 5/8
  3123 | D:3      | Reached skill level 4 in Fighting
  3561 | D:3      | Reached XP level 6. HP: 28/43 MP: 3/9
  3572 | D:3      | HP: 1/43 [gnoll (8)]
  3573 | D:3      | Slain by a ball python

Illustrated notes

Levels and vault maps discovered:
D:1:      dpeg_arrival_stonehenge_8_columns, layout_rooms,
          chequers_ecumenical_altar_island
D:2:      minmay_diamond_boxcup, layout_rooms, minmay_tromino_i2
D:3:      layout_loops_corners, amcnicky_mini_corridor_feature, uniq_jessica

Skill      XL: |  1  2  3  4  5 |
---------------+----------------+-----
Fighting       | 2 3 4 |  4.0
Stealth        | 2 3 |  3.0
Poison Magic   | 1 2 3 |  3.0
Dodging        | |  2.0
Unarmed Combat | |  3.7
Spellcasting   | |  2.0
Transmutations | |  2.0

Action                   |  1- 3 |  4- 6 || total
-------------------------+-------+-------++-------
Melee: Unarmed           |    79 |   111 ||   190
       Kick              |    14 |     2 ||    16
       Constrict         |    14 |     4 ||    18
       Tentacles         |     8 |     1 ||     9
       Punch             |     1 |       ||     1
       Dagger            |       |    14 ||    14
 Cast: Beastly Appendage |    17 |     7 ||    24
       Spider Form       |     7 |    22 ||    29
 Stab: Sleeping          |     8 |     6 ||    14
Armor: Skin              |     4 |     7 ||    11
Dodge: Dodged            |    45 |    77 ||   122
Block: Other             |    14 |    24 ||    38

Table legend: (Time is in decaauts)
 A = Elapsed time spent in this place.
 B = Non-inter-level travel time spent in this place.
 C = Inter-level travel time spent in this place.
 D = Time resting spent in this place.
 E = Time spent auto-exploring this place.
 F = Levels seen in this place.
 G = Mean time per level.
                   A        B        C        D        E       F      G
               +--------+--------+--------+--------+--------+-----+--------+
         Total |   3565 |   3384 |    181 |   1173 |    940 |   3 | 1188.3 |
       Dungeon |   3565 |   3384 |    181 |   1173 |    940 |   3 | 1188.3 |
               +--------+--------+--------+--------+--------+-----+--------+

Top non-repeatable levels by time:
     D:1: 1541 daAuts
     D:2: 1227 daAuts
     D:3: 796 daAuts
